 Dungeon Crawl Stone Soup version 0.18-a0-1378-g7babcad (webtiles) character file.

9385 Oddball22 the Carver (level 11, -3/69 HPs)
             Began as a High Elf Skald on Feb 22, 2016.
             Was a Believer of Ashenzari.
             Slain by a worker ant (6 damage)
             ... on level 10 of the Dungeon.
             The game lasted 00:50:14 (13587 turns).

Oddball22 the Carver (High Elf Skald)              Turns: 13587, Time: 00:50:14

Health: -3/69      AC:  8    Str: 14    XL:     11   Next: 22%
Magic:  16/23      EV: 19    Int: 18    God:    Ashenzari [**....]
Gold:   379        SH:  0    Dex: 23    Spells: 6 memorised, 8 levels left

rFire  . . .     SeeInvis .     Y - +0 great sword (curse)
rCold  . . .     Gourm    .     F - +3 robe of Qiupsuism {-Tele Int+2 Dex+4} (curse)
rNeg   . . .     Faith    .     (shield currently unavailable)
rPois  .         Spirit   .     x - +0 helmet (curse)
rElec  .         Dismiss  .     u - +0 cloak (curse)
rCorr  .         Reflect  .     (no gloves)
SustAt .         Harm     +     w - +0 pair of boots
MR     +....     NoTele   +     O - amulet of harm
Stlth  ++........               M - +3 ring of strength
                                j - ring of flight

@: infused, somewhat resistant to hostile enchantments, unstealthy
A: no striking features
a: Curse Item, Scrying, Renounce Religion, Evoke Flight


You were on level 10 of the Dungeon.
You worshipped Ashenzari.
Ashenzari was pleased with you.
You were not hungry.

You visited 2 branches of the dungeon, and saw 11 of its levels.

You collected 379 gold pieces.

Inventory:

Hand Weapons
 v - a +4 dagger of chaos
 B - a +0 rapier
 D - a +0 whip of venom
 E - a +0 shortbow
 Q - the cursed +0 dagger of Joyful Slaughter {drain, *Confuse rPois Str+3}
   (You found it on level 7 of the Dungeon)

   A truly terrible weapon, it drains the life of those it strikes.
   It affects your strength (+3).
   It protects you from poison.
   It may confuse you when you take damage.
   It has a curse placed upon it.
 Y - a cursed +0 great sword (weapon)
Missiles
 e - 159 arrows
 t - 39 arrows of flame
 y - 18 arrows of frost
Armour
 u - a cursed +0 cloak (worn)
 w - a +0 pair of boots (worn)
 x - a cursed +0 helmet (worn)
 F - the cursed +3 robe of Qiupsuism (worn) {-Tele Int+2 Dex+4}
   (You took it off a crimson imp on level 5 of the Dungeon)

   It affects your intelligence (+2).
   It affects your dexterity (+4).
   It prevents most forms of teleportation.
   It has a curse placed upon it.
 L - a +1 cloak
Jewellery
 j - a ring of flight (left hand)
 n - a +2 amulet of reflection
 M - a +3 ring of strength (right hand)
 O - an amulet of harm (around neck)
Wands
 b - a wand of slowing (14/48)
 q - a wand of lightning (10/15)
 r - a wand of flame (21/48)
 N - a wand of disintegration (14/24)
 T - a wand of flame (9/48)
 V - a wand of confusion (10/48)
Scrolls
 f - 6 scrolls of teleportation
 g - 4 scrolls of fog
 i - a scroll of recharging
 l - a scroll of torment {unknown}
 m - a scroll of fear {unknown}
 C - 4 scrolls of identify
 K - a scroll of magic mapping {unknown}
 P - a scroll of remove curse
 X - 4 scrolls of amnesia
Potions
 a - a potion of magic {unknown}
 p - a potion of resistance
 s - a potion of agility {unknown}
 G - a potion of berserk rage {unknown}
 H - a potion of haste
 I - a potion of flight {unknown}
 J - a potion of mutation {unknown}
 S - a potion of heal wounds
 U - a potion of degeneration {unknown}
 W - a potion of might {unknown}
Books
 c - a book of Battle

   Spells                             Type                      Level
   a - Infusion                       Charms                       1
   b - Shroud of Golubria             Charms/Translocation         2
   c - Song of Slaying                Charms                       2
   d - Spectral Weapon                Hexes/Charms                 3
   e - Regeneration                   Charms/Necromancy            3
 R - a book of Enchantments

   Spells                             Type                      Level
   a - Cause Fear                     Hexes                        4
   b - Yara's Violent Unravelling     Hexes/Transmutation          5
   c - Silence                        Hexes/Air                    5
   d - Deflect Missiles               Charms/Air                   6
   e - Haste                          Charms                       6
   f - Discord                        Hexes                        8
 Z - the Handbook of Changing and Attacks
   (You found it on level 10 of the Dungeon)

   Spells                             Type                      Level
   a - Sting                          Conjuration/Poison           1
   b - Sticks to Snakes               Transmutation                2
   c - Irradiate                      Conjuration/Transmutation    5
   d - Yara's Violent Unravelling     Hexes/Transmutation          5
   e - Dragon Form                    Transmutation                7
Comestibles
 d - 9 bread rations
 h - a slice of pizza
 k - 3 beef jerkies
 o - 2 chunks of flesh
 z - 28 fruits
 A - 5 meat rations


   Skills:
 - Level 4.0 Fighting
 * Level 11.8(14.5) Long Blades
 + Level 2.5 Armour
 + Level 5.4(6.8) Dodging
 - Level 7.6 Spellcasting
 - Level 3.6 Hexes
 - Level 11.3 Charms
 - Level 2.8 Necromancy
 - Level 3.9 Translocations


You had 8 spell levels left.
You knew the following spells:

 Your Spells              Type           Power        Failure   Level  Hunger
a - Infusion              Chrm           ####         1%          1    None
b - Song of Slaying       Chrm           #####...     1%          2    None
c - Shroud of Golubria    Chrm/Tloc      ####......   1%          2    None
d - Regeneration          Chrm/Necr      ####......   1%          3    #......
e - Spectral Weapon       Hex/Chrm       ####....     1%          3    #......
f - Haste                 Chrm           #####...     17%         6    ######.


Dungeon Overview and Level Annotations

Branches:
Dungeon (10/15)            Temple (1/1) D:6
   Lair: D:8-11         Orc: D:9-12

Altars:
Ashenzari
Cheibriados
Dithmenos
Elyvilon
Fedhas
Gozag
Kikubaaqudgha
Makhleb
Nemelex Xobeh
Okawaru
Pakellas
Qazlal
Ru
Sif Muna
Trog
Vehumet
Xom
Yredelemnul
Zin
The Shining One

Shops:
D:5 }


Message History

A worker ant comes into view.
You slash the hill giant!!
You kill the hill giant!
You see here a +0 giant spiked club.
You slash the ogre!
The ogre is heavily wounded.
The ogre closely misses you.
You completely miss the ogre.
The ogre is heavily wounded.
The worker ant barely misses you.
You slash the ogre!
The ogre is almost dead.
The ogre hits you with a giant club!
* * * LOW HITPOINT WARNING * * *
Your shroud falls apart!
The worker ant bites you but does no damage.
You slash the ogre!!
You kill the ogre!
The worker ant bites you.
You die...

* , , , * , * **
#########** * , ,, **
#.... ..####### ,,
#...#*#.#.....#, * , *
#...###.#.....# # ,,
#.......#.....#,
.)..#####.......####'###
......)@................
......a...####..####....
.....#....# #..# #....
.... #....#**#..# #....
,, , ... #..... ...#
#.... * .. #....?.....#
#.... .
................... , ,
, .................... *
###############


You could see a worker ant.

Vanquished Creatures
  An obsidian statue (D:9)
  A hill giant (D:10)
  Pikel (D:7)
  Psyche (D:9)
  A troll (D:9)
  Grinder (D:4)
  Eustachio (D:5)
  A wraith (D:10)
  A wyvern (D:9)
  15 yaks (D:9)
  A steam dragon (D:9)
  A hippogriff (D:9)
  A hungry ghost (D:9)
  2 sky beasts
  An eye of draining (D:9)
  4 slaves
  3 orc warriors
  2 ice beasts
  A phantom (D:6)
  A wasp (D:8)
  5 ogres
  5 centaurs
  8 giant frogs
  A big kobold (D:9)
  3 scorpions
  3 killer bees (D:7)
  13 wights
  3 crimson imps
  2 jellies
  2 giant frog zombies
  A centaur zombie (D:5)
  4 hounds
  3 orc wizards
  A gnoll shaman (D:7)
  4 orc priests
  Ijyb (D:2)
  3 iguanas
  8 worker ants
  A hound skeleton (D:7)
  Robin (D:4)
  9 gnolls
  15 adders
  A shadow imp (D:5)
  An adder skeleton (D:4)
  An adder zombie (D:5)
  5 worms
  7 giant geckos
  25 orcs
  2 ball pythons
  5 giant cockroaches
  12 goblins
  7 hobgoblins
  17 jackals
  4 quokkas
  3 bats (D:2)
  2 giant gecko skeletons (D:4)
  3 giant newts
  9 kobolds
  7 rats
248 creatures vanquished.

Vanquished Creatures (others)
  6 spectral weapons
6 creatures vanquished.

Grand Total: 254 creatures vanquished

Notes
Turn   | Place    | Note
--------------------------------------------------------------
     0 | D:1      | Oddball22 the High Elf Skald began the quest for the Orb.
     0 | D:1      | Reached XP level 1. HP: 14/14 MP: 4/4
   305 | D:1      | Reached XP level 2. HP: 8/20 MP: 1/6
  1573 | D:2      | Noticed Ijyb
  1585 | D:2      | Learned a level 2 spell: Song of Slaying
  1588 | D:2      | Learned a level 2 spell: Shroud of Golubria
  1612 | D:2      | Killed Ijyb
  1612 | D:2      | Reached XP level 3. HP: 16/25 MP: 0/7
  1917 | D:2      | Reached skill level 4 in Long Blades
  2187 | D:2      | Reached XP level 4. HP: 24/30 MP: 3/8
  3575 | D:3      | Noticed an ogre
  3588 | D:3      | Killed an ogre
  3588 | D:3      | Reached skill level 5 in Long Blades
  3588 | D:3      | Reached XP level 5. HP: 34/36 MP: 2/9
  3874 | D:4      | Learned a level 3 spell: Regeneration
  4232 | D:4      | Noticed Robin
  4259 | D:4      | Killed Robin
  4268 | D:4      | Reached XP level 6. HP: 33/42 MP: 5/10
  4374 | D:4      | Noticed Grinder
  4444 | D:4      | Killed Grinder
  4444 | D:4      | Reached skill level 6 in Long Blades
  4896 | D:4      | Reached XP level 7. HP: 43/48 MP: 0/11
  5110 | D:5      | Entered Level 5 of the Dungeon
  5121 | D:5      | Found Jyppaoss's Gadget Shop.
  5163 | D:5      | Reached skill level 7 in Long Blades
  5181 | D:5      | Noticed Eustachio
  5213 | D:5      | Killed Eustachio
  5213 | D:5      | Reached skill level 8 in Long Blades
  6101 | D:5      | Reached skill level 9 in Long Blades
  6196 | D:5      | Got a warped robe
  6351 | D:5      | Identified the +3 robe of Qiupsuism {-Tele Int+2 Dex+4} (You took it off a crimson imp on level 5 of the Dungeon)
  6437 | D:5      | Reached XP level 8. HP: 48/54 MP: 8/12
  6563 | D:5      | Learned a level 3 spell: Spectral Weapon
  6700 | D:6      | Found a shattered altar of Ashenzari.
  6714 | D:6      | Became a worshipper of Ashenzari the Shackled
  6718 | D:6      | Found a staircase to the Ecumenical Temple.
  6737 | Temple   | Entered the Ecumenical Temple
  6843 | D:6      | Reached skill level 1 in Necromancy
  6942 | D:6      | Reached skill level 1 in Hexes
  6942 | D:6      | Reached skill level 1 in Translocations
  7146 | D:6      | Reached skill level 5 in Charms
  7448 | D:6      | Found a stormy altar of Qazlal.
  7746 | D:7      | Noticed Pikel
  7773 | D:6      | Reached XP level 9. HP: 50/58 MP: 7/16
  7911 | D:7      | Got the cursed dagger of Joyful Slaughter {drain, *Confuse rPois Str+3}
  7981 | D:7      | Killed Pikel
  8767 | D:7      | Identified the cursed +0 dagger of Joyful Slaughter {drain, *Confuse rPois Str+3} (You found it on level 7 of the Dungeon)
  8814 | D:7      | Reached skill level 5 in Spellcasting
  9029 | D:7      | Found a shadowy altar of Dithmenos.
  9680 | D:8      | Reached * piety under Ashenzari
  9765 | D:8      | Learned a level 6 spell: Haste
  9812 | D:8      | Reached XP level 10. HP: 35/63 MP: 9/20
  9973 | D:8      | Found an oddly glowing altar of Pakellas.
  9973 | D:8      | Found a snail-covered altar of Cheibriados.
 10188 | D:8      | Reached skill level 10 in Long Blades
 10670 | D:9      | Noticed an obsidian statue
 10739 | D:9      | Noticed Psyche
 10760 | D:9      | Killed Psyche
 11250 | D:9      | Reached skill level 10 in Charms
 12276 | D:9      | Reached skill level 11 in Charms
 12587 | D:9      | Reached skill level 1 in Armour
 12742 | D:9      | Reached ** piety under Ashenzari
 13156 | D:9      | Reached XP level 11. HP: 46/69 MP: 12/23
 13463 | D:9      | Killed an obsidian statue
 13463 | D:9      | Reached skill level 5 in Dodging
 13521 | D:10     | Entered Level 10 of the Dungeon
 13571 | D:10     | Identified the Handbook of Changing and Attacks
 13572 | D:10     | Noticed a hill giant
 13581 | D:10     | Killed a hill giant
 13586 | D:10     | HP: 3/69 [ogre/giant club (17)]
 13587 | D:10     | Slain by a worker ant

Vault maps used:
D:1:      dpeg_arrival_fog
D:2:      uniq_iyjb
D:3:      first_bread, gup_sewer_entry_pipe, kennysheep_generic_room_7
D:4:      st_stairs_3, uniq_robin, uniq_grinder
D:5:      serial_shops, nicolae_shop_crystal, kennysheep_donut, uniq_eustachio
D:6:      ashenzari_altar_1, minmay_temple_entry_crystal_x, basic_altar
D:7:      lemuel_doored_altar, uniq_pikel
D:8:      gammafunk_temple_overflow_elements
D:9:      blue_anna_alchemist, minivault_16, uniq_psyche
D:10:     serial_shops, shop, minivault_16, uniq_joseph, uniq_erolcha
Temple:   nicolae_temple_the_god_donut

Action                   |  1- 3 |  4- 6 |  7- 9 | 10-12 || total
-------------------------+-------+-------+-------+-------++-------
Melee: Falchion          |   147 |    53 |       |       ||   200
       Long sword        |       |   164 |   329 |       ||   493
       Whip              |       |       |    23 |       ||    23
       Great sword       |       |       |    74 |   203 ||   277
 Fire: Shortbow          |       |       |     3 |       ||     3
Throw: Javelin           |       |     2 |     4 |     2 ||     8
 Cast: Infusion          |     7 |    14 |    34 |    24 ||    79
       Shroud of Golubri |     2 |    10 |    28 |    25 ||    65
       Song of Slaying   |       |     3 |     2 |     4 ||     9
       Regeneration      |       |       |     1 |     3 ||     4
       Spectral Weapon   |       |       |    12 |     7 ||    19
Invok: Curse Item        |       |       |     2 |     1 ||     3
Evoke: Wand              |       |     3 |       |       ||     3
  Use: Scroll            |       |       |     5 |     1 ||     6
       Potion            |       |       |     3 |     3 ||     6
 Stab: Sleeping          |       |     1 |       |     5 ||     6
       Distracted        |       |       |     1 |       ||     1
  Eat: Chunk             |     4 |    10 |    18 |    13 ||    45
       Fruit             |       |       |     1 |       ||     1
